 Dungeon Crawl Stone Soup version 0.19-a0-1127-gac58878 (webtiles) character file.

2461 Gagarin the Ducker (level 9, -2/88 HPs)
             Began as a Troll Hunter on Aug 12, 2016.
             Was a Believer of Elyvilon.
             Slain by Psyche
             ... wielding a +2 dagger of chaos
              (5 damage)
             ... on level 8 of the Dungeon.
             The game lasted 00:11:42 (5607 turns).

Gagarin the Ducker (Troll Hunter)                   Turns: 5607, Time: 00:11:43

Health: -2/88      AC:  6    Str: 22    XL:     9   Next: 26%
Magic:  8/8        EV: 13    Int:  7    God:    Elyvilon [**....]
Gold:   374        SH:  0    Dex: 13    Spells: 0 memorised, 8 levels left

rFire  . . .     SeeInvis .       - Unarmed
rCold  . . .     Gourm    +     b - +0 robe
rNeg   . . .     Faith    .     (no shield)
rPois  .         Spirit   .     (helmet restricted)
rElec  .         Dismiss  .     A - +0 cloak
rCorr  .         Reflect  .     (gloves unavailable)
SustAt .         Harm     .     (boots unavailable)
MR     .....                    (no amulet)
Stlth  ++........               (no ring)
                                (no ring)

@: lethally poisoned (-2 -> -3), very slightly contaminated
A: unfitting armour, claws 3, fast metabolism 3, gourmand, regeneration 2,
shaggy fur 1, tough skin 2
a: Lesser Healing, Heal Other, Divine Protection, Renounce Religion


You were on level 8 of the Dungeon.
You worshipped Elyvilon.
Elyvilon was pleased with you.
You were very full.

You visited 2 branches of the dungeon, and saw 9 of its levels.

You collected 374 gold pieces.

Inventory:

Hand Weapons
 a - a +0 short sword
 B - a +2 falchion of draining
Missiles
 c - 5 large rocks (quivered)
 d - 2 throwing nets
 D - 3 tomahawks of returning
 E - 9 tomahawks
 F - 8 javelins
Armour
 b - a +0 robe (worn)
 A - a +0 cloak (worn)
Jewellery
 u - an uncursed ring of protection from fire {unknown}
Wands
 C - a wand of slowing (44/48)
Scrolls
 e - 4 scrolls of blinking
 g - 2 scrolls of recharging
 i - 7 scrolls of identify
 k - 2 scrolls of teleportation
 m - 5 scrolls of remove curse {unknown}
 p - 2 scrolls of magic mapping {unknown}
 q - 2 scrolls of amnesia {unknown}
 v - a scroll of noise {unknown}
 y - 2 scrolls of enchant armour {unknown}
 G - 3 scrolls of fear {unknown}
 I - a scroll of acquirement {unknown}
Potions
 h - 2 potions of haste {unknown}
 l - 3 potions of berserk rage {unknown}
 n - 2 potions of brilliance {unknown}
 o - 4 potions of curing
 r - 2 potions of lignification {unknown}
 s - 2 potions of flight {unknown}
 w - 2 potions of magic {unknown}
 x - 2 potions of degeneration {unknown}
 z - a potion of might {unknown}
Comestibles
 f - 6 bread rations
 j - a slice of pizza
 t - 7 meat rations
 H - 12 chunks of flesh


   Skills:
 + Level 5.2 Fighting
 + Level 5.3 Throwing
 + Level 6.3 Dodging
 + Level 1.6 Stealth
 + Level 6.2 Unarmed Combat


You had 8 spell levels left.
You didn't know any spells.

Dungeon Overview and Level Annotations

Branches:
Dungeon (8/15)             Temple (1/1) D:7
   Lair: D:8-11

Altars:
Ashenzari
Cheibriados
Dithmenos
Elyvilon
Fedhas
Gozag
Hepliaklqana
Kikubaaqudgha
Makhleb
Nemelex Xobeh
Okawaru
Pakellas
Qazlal
Ru
Sif Muna
Trog
Uskayaw
Vehumet
Xom
Yredelemnul
Zin
The Shining One

Annotations:
D:8 Psyche


Innate Abilities, Weirdness & Mutations

You are too large for most types of armour.
You have claws for hands.
Your metabolism is lightning-fast.
You like to eat raw meat.
You heal very quickly.
You are covered in fur. (AC +1)
You have very tough skin. (AC +2)


Message History

Psyche seems to speed up.
Throwing (i - inventory. (,) - cycle):
c - 7 large rocks (quivered)
Press: ? - help, Shift-Dir - straight line, f - Psyche
Aim: Psyche, wielding a dagger of chaos and wearing a robe (severely wounded, fast)
You throw a large rock. The large rock hits Psyche!
Psyche is almost dead.
You feel sick. Psyche casts a spell at you. The puff of flame misses you.
Psyche hits you with a dagger of chaos.
* * * LOW HITPOINT WARNING * * *
x2 Psyche closely misses you.
Throwing (i - inventory. (,) - cycle):
c - 6 large rocks (quivered)
Press: ? - help, Shift-Dir - straight line, f/p - Psyche
Aim: Psyche, wielding a dagger of chaos and wearing a robe (almost dead, fast)
You throw a large rock. The large rock closely misses Psyche.
Psyche casts a spell at you. The puff of frost hits you!
* * * LOW HITPOINT WARNING * * *
Psyche hits you with a dagger of chaos.
You die...

## #.. #
.... ##.
#..###(.
..###.
#.....#
..>..
#.../#
o... #..@#
#.#.##
#.@#
##....#
#..#
..#<....#
##..
#......!##
##.#
#..=....#
#.
#....##..
#. #...
##) # #..
## ... #
.. #


You could see Psyche.

Vanquished Creatures
  The ghost of eragonby the Conjurer, a novice DECj of Sif Muna (D:6)
  2 orc warriors (D:7)
  A sky beast (D:7)
  4 ice beasts
  3 phantoms
  A black bear (D:5)
  An ogre (D:6)
  2 giant frogs
  A wyvern skeleton (D:6)
  2 scorpions
  4 wights (D:6)
  2 giant frog zombies (D:5)
  A quasit (D:5)
  2 hounds
  3 orc priests
  6 orc wizards
  An iguana (D:5)
  3 worker ants
  Terence (D:3)
  A hound skeleton (D:7)
  A hound zombie (D:8)
  A howler monkey zombie (D:7)
  3 gnolls (D:5)
  A howler monkey skeleton (D:5)
  7 adders
  A shadow imp (D:6)
  An ooze (D:2)
  2 adder skeletons
  An adder zombie (D:5)
  3 worms (D:3)
  A dart slug (D:2)
  4 giant geckos
  31 orcs
  4 giant cockroaches
  4 goblins
  6 hobgoblins
  3 jackals (D:3)
  5 kobolds
  4 quokkas
  A ball python (D:3)
  9 bats
  5 giant newts
  6 rats
  3 fulminant prisms (D:6)
149 creatures vanquished.

Vanquished Creatures (others)
  A fungus (D:3)
  A plant (D:3)
2 creatures vanquished.

Grand Total: 151 creatures vanquished

Notes
Turn   | Place    | Note
-------+----------+-------------------------------------------
     0 | D:1      | Gagarin the Troll Hunter began the quest for the Orb.
     0 | D:1      | Reached XP level 1. HP: 19/19 MP: 0/0
   164 | D:1      | Reached XP level 2. HP: 27/27 MP: 1/1
   576 | D:2      | Found a snail-covered altar of Cheibriados.
   730 | D:2      | Found a blossoming altar of Fedhas.
   756 | D:2      | Reached XP level 3. HP: 33/33 MP: 2/2
   918 | D:2      | Found a shimmering altar of Xom.
   918 | D:2      | Found a bloodstained altar of Trog.
  1148 | D:3      | Found a white marble altar of Elyvilon.
  1149 | D:3      | Found an iron altar of Okawaru.
  1199 | D:3      | Reached skill level 1 in Unarmed Combat
  1199 | D:3      | Reached XP level 4. HP: 41/41 MP: 3/3
  1287 | D:3      | Noticed an ice beast
  1302 | D:3      | Killed an ice beast
  1302 | D:3      | Reached XP level 5. HP: 29/49 MP: 4/4
  1372 | D:3      | Noticed Terence
  1391 | D:3      | Killed Terence
  1538 | D:3      | Became a worshipper of Elyvilon the Healer
  1557 | D:3      | Found a shattered altar of Ashenzari.
  1561 | D:3      | Saw a vision of the Swamp and the Spider Nest.
  1561 | D:3      | Noticed a swamp drake
  1561 | D:3      | Noticed a swamp drake
  1561 | D:3      | Noticed a water moccasin
  1561 | D:3      | Noticed an alligator
  1561 | D:3      | Noticed an alligator
  1561 | D:3      | Noticed a wasp
  1561 | D:3      | Noticed a wasp
  1561 | D:3      | Noticed a redback
  1561 | D:3      | Noticed a redback
  1562 | D:3      | Noticed an alligator
  1562 | D:3      | Noticed a wolf spider
  1562 | D:3      | Noticed an alligator
  1562 | D:3      | Noticed a wolf spider
  1563 | D:3      | Noticed a water moccasin
  1564 | D:3      | Noticed a water moccasin
  2175 | D:4      | Reached * piety under Elyvilon
  2255 | D:4      | Reached XP level 6. HP: 59/59 MP: 5/5
  2665 | D:5      | Entered Level 5 of the Dungeon
  2739 | D:5      | Found a shadowy altar of Dithmenos.
  2959 | D:5      | Reached skill level 1 in Stealth
  2959 | D:5      | Reached XP level 7. HP: 41/66 MP: 6/6
  3574 | D:6      | Reached skill level 5 in Dodging
  3574 | D:6      | Reached XP level 8. HP: 64/78 MP: 7/7
  3759 | D:6      | Reached ** piety under Elyvilon
  4155 | D:6      | Noticed eragonby's ghost (novice DECj)
  4165 | D:6      | Killed eragonby's ghost
  4165 | D:6      | Reached skill level 5 in Unarmed Combat
  4714 | D:7      | Reached skill level 5 in Fighting
  4714 | D:7      | Reached XP level 9. HP: 85/88 MP: 8/8
  4744 | D:7      | Found a glowing golden altar of the Shining One.
  4770 | D:7      | Reached skill level 5 in Throwing
  4786 | D:7      | Found a staircase to the Ecumenical Temple.
  4800 | D:7      | Noticed a hand axe
  4800 | D:7      | Noticed a dagger
  4800 | D:7      | Found a hide-covered altar of Uskayaw.
  4882 | Temple   | Entered the Ecumenical Temple
  5016 | D:7      | Found an iron altar of Okawaru.
  5050 | D:7      | HP: 4/88 [orc warrior/glaive (17)]
  5599 | D:8      | Noticed Psyche
  5607 | D:8      | HP: 3/88 [Psyche/puff of frost (17)]
  5607 | D:8      | Slain by Psyche

Vault maps used:
D:1:      dpeg_arrival_boxorama, serial_forest, infiniplex_forest_straight_2,
          infiniplex_forest_straight_2, infiniplex_forest_3_way,
          infiniplex_forest_lined_room_3, infiniplex_forest_lined_corner,
          infiniplex_forest_straight_3, infiniplex_forest_straight_4
D:2:      cheibriados_altar_1, marbit_many_paths,
          amethyst_overflow_temple_binary
D:3:      grunt_temple_overflow_open, grunt_ashenzari_visionary, uniq_terence
D:5:      first_bread, nicolae_dithmenos_shadow_blocks
D:7:      tso_oasis_becter, dancing_weapons_uskayaw, okawaru_ov_weapons_minmay
D:8:      grunt_lair_entry_orc_guard_hut, uniq_psyche
Temple:   nicolae_temple_great_sept

Skill      XL: |  1  2  3  4  5  6  7  8  9 |
---------------+----------------------------+-----
Throwing       | 4 5 |  5.3
Dodging        | 2 3 4 5 6 |  6.3
Unarmed Combat | 1 2 4 6 |  6.2
Fighting       | 2 4 5 |  5.2
Stealth        | 1 |  1.6

Action                   |  1- 3 |  4- 6 |  7- 9 || total
-------------------------+-------+-------+-------++-------
Melee: Unarmed           |   126 |   184 |   279 ||   589
       Punch             |       |     2 |     9 ||    11
Throw: Large rock        |       |     4 |    16 ||    20
       Tomahawk          |       |       |    25 ||    25
Invok: Divine Protection |       |       |     1 ||     1
  Use: Scroll            |       |       |     4 ||     4
 Stab: Distracted        |       |       |     1 ||     1
  Eat: Chunk             |    17 |    16 |    24 ||    57
Armor: Robe              |    66 |    58 |    62 ||   186
Dodge: Dodged            |    89 |   102 |   167 ||   358
